 Dungeon Crawl Stone Soup version 0.28-b1-1-g3c77fb2ed1 (webtiles) character file.

Game seed: 9692307462569581

112 boopmooplesden the Shield-Bearer (level 4, -8/40 HPs)
             Began as a Minotaur Fighter on Jan 28, 2022.
             Was an Initiate of Okawaru.
             Mangled by an ogre (23 damage)
             ... on level 5 of the Dungeon.
             The game lasted 00:05:39 (2490 turns).

boopmooplesden the Shield-Bearer (Minotaur Fighter) Turns: 2490, Time: 00:05:39

Health: -8/40      AC: 11    Str: 23    XL:     4   Next: 63%
Magic:  3/3        EV:  8    Int:  5    God:    Okawaru [......]
Gold:   96         SH:  8    Dex:  9    Spells: 3/3 levels left

rFire   . . .      SeeInvis .   a - +0 war axe
rCold   . . .      Faith    +   n - +0 kite shield {AC+3}
rNeg    . . .      Spirit   .   b - +1 scale mail
rPois   .          Reflect  .   (helmet restricted)
rElec   .          Harm     .   (no cloak)
rCorr   .          Rampage  .   (no gloves)
Will    .....                   (no boots)
Stlth   ..........              j - amulet of faith
HPRegen 0.13/turn               (no ring)
MPRegen 0.08/turn               (no ring)

@: no status effects
A: horns 2, retaliatory headbutt
a: Renounce Religion


You were on level 5 of the Dungeon.
You worshipped Okawaru.
Okawaru was noncommittal.
You visited 2 branches of the dungeon, and saw 5 of its levels.

You collected 96 gold pieces.

Inventory:

Hand Weapons
 a - a +0 war axe (weapon)
 e - a +0 mace of holy wrath
Missiles
 p - 2 datura-tipped darts (quivered)
Armour
 b - a +1 scale mail (worn)
 c - a +0 buckler
 n - a +0 kite shield of protection (worn)
 o - a +0 chain mail
Jewellery
 j - an amulet of faith (around neck)
Scrolls
 h - 3 scrolls of magic mapping
 k - a scroll of silence {unknown}
 m - a scroll of teleportation {unknown}
Potions
 d - a potion of might
 f - a potion of invisibility {unknown}
 g - a potion of degeneration {unknown}
 i - 2 potions of heal wounds {unknown}


   Skills:
 + Level 4.2 Fighting
 + Level 3.9 Axes
 + Level 4.4 Armour
 + Level 0.7 Dodging
 + Level 4.4 Shields


You had 3 spell levels left.
You didn't know any spells.
Your spell library contained the following spells:

 Spells                   Type           Power      Damage    Failure   Level
 Gell's Gravitas          Tloc           0%         N/A       100%        3
 Lesser Beckoning         Tloc           0%         N/A       100%        3
 Teleport Other           Tloc           0%         N/A       100%        3


Dungeon Overview and Level Annotations

Branches:
Dungeon (5/15)             Temple (1/1) D:5

Altars:
Ashenzari
Cheibriados
Dithmenos
Elyvilon
Fedhas
Hepliaklqana
Kikubaaqudgha
Makhleb
Nemelex Xobeh
Okawaru
Ru
Sif Muna
Trog
Uskayaw
Vehumet
Wu Jian
Xom
Yredelemnul
Zin
The Shining One


Innate Abilities, Weirdness & Mutations

You have a pair of horns on your head.
You reflexively headbutt those who attack you in melee.


Message History

You throw a throwing net. The throwing net hits the ogre.
The ogre is caught in the net!
The ogre struggles against the net.
The ogre struggles against the net.
The ogre struggles against the net.
Throw: 4 darts (datura)
Press: ? - help, Q - select action Shift-Dir - straight line, f/p - ogre
Aim: an ogre, wielding a +0 giant club (entangled in a net, 93% to hit, chance to frenzy on hit: 27%)
You throw a datura-tipped dart. The datura-tipped dart hits the ogre.
The ogre flies into a frenzy!
The ogre struggles against the net.
The net rips apart, and the ogre comes free!
Throw: 3 darts (datura)
Press: ? - help, Q - select action Shift-Dir - straight line, f/p - ogre
Aim: an ogre, wielding a +0 giant club (fast, strong, frenzied and insane, 72% to hit, immune)
You throw a datura-tipped dart. The datura-tipped dart hits the ogre.
The ogre resists.
You block the ogre's attack.
A hound skeleton comes into view.
You slash the ogre!
The ogre is moderately wounded.
You block the ogre's attack.
You barely miss the ogre.
The ogre is moderately wounded.
The ogre closely misses you. The ogre barely misses you.
You hit the ogre.
The ogre is heavily wounded.
The ogre hits you with a +0 giant club!!
Ouch! That really hurt!
The ogre hits the hound skeleton with a +0 giant club!!
The hound skeleton is destroyed!
Okawaru accepts your kill.
You closely miss the ogre.
The ogre is heavily wounded.
The ogre closely misses you. You block the ogre's attack.
You hit the ogre.
The ogre is severely wounded.
The ogre hits you with a +0 giant club!!
Ouch! That really hurt!
You die...

#.# #.# #.# #.# #
#(#
##.#############.#
..............)..#
##.#.....#########
#......@..##
#.#....O...#####
.......(.......#
##.....(...###.#
##...(...## #.#
##......# #.#
#....#.####.#
#....#.##...#
....#...##.###


You could see a neutral ogre (fast, strong, insane).

Vanquished Creatures
  4 adders
  An ufetubus (D:3)
  A worm (D:2)
  3 dart slugs
  6 endoplasms
  3 giant cockroaches
  3 goblins
  5 hobgoblins
  8 kobolds
  2 quokkas
  3 ball pythons
  5 bats
  2 frilled lizards
  A rat (D:1)
47 creatures vanquished.

Vanquished Creatures (collateral kills)
  A hound skeleton (D:5)
1 creature vanquished.

Vanquished Creatures (others)
  2 plants (D:5)
2 creatures vanquished.

Grand Total: 50 creatures vanquished

Notes
Turn   | Place    | Note
-------+----------+-------------------------------------------
     0 | D:1      | boopmooplesden the Minotaur Fighter began the quest for the
                  | Orb.
     0 | D:1      | Reached XP level 1. HP: 19/19 MP: 0/0
    88 | D:1      | Reached XP level 2. HP: 25/27 MP: 1/1
   945 | D:2      | Reached XP level 3. HP: 26/33 MP: 2/2
  1198 | D:2      | Found a faded altar of an unknown god.
  1245 | D:2      | Reached XP level 4. HP: 37/40 MP: 3/3
  2088 | D:3      | You fall into a shaft and drop 2 floors!
  2088 | D:5      | Entered Level 5 of the Dungeon
  2100 | D:5      | Found a staircase to the Ecumenical Temple.
  2109 | Temple   | Entered the Ecumenical Temple
  2170 | Temple   | Became a worshipper of Warmaster Okawaru
  2372 | D:5      | Noticed an ogre
  2412 | D:5      | Found a faded altar of an unknown god.
  2412 | D:5      | Found a hazy altar of Hepliaklqana.
  2414 | D:5      | Found a faded altar of an unknown god.
  2490 | D:5      | Mangled by an ogre

Illustrated notes

Levels and vault maps discovered:
D:1:      evilmike_arrival_plus, layout_basic, minmay_misc_feat_plants,
          chequers_serial_rivers_micro_e, minmay_misc_feat_enclosed
D:2:      layout_basic, shapermc_ecumenical_altar_totnotflames
D:3:      layout_basic
D:5:      layout_loops_ring, nicolae_gozag_cash_rules_everything_around_me,
          nicolae_hepliaklqana_ecumenical_no_more, mainiacjoe_overflow_catwalk,
          lemuel_temple_firewalk_a, due_unseen_surprise
Temple:   mainiacjoe_temple_bowtie_tessellation

Skill      XL: |  1  2  3 |
---------------+----------+-----
Fighting       | 4 |  4.2
Shields        | 4 |  4.4
Axes           | 3 |  3.9
Armour         | 4 |  4.4
Dodging        | |  0.7

Action                   |  1- 3 |  4- 6 || total
-------------------------+-------+-------++-------
Melee: War axe           |    81 |    39 ||   120
       Headbutt          |    11 |     2 ||    13
Throw: Dart              |       |     2 ||     2
       Throwing net      |       |     1 ||     1
  Use: Scroll            |       |     6 ||     6
Armor: Scale mail        |    37 |    27 ||    64
Dodge: Dodged            |    47 |    24 ||    71
Block: Buckler           |    14 |     8 ||    22
       Kite shield       |       |     5 ||     5
